 Dungeon Crawl Stone Soup version 0.26-a0-278-g3b0d5afba5 (webtiles) character file.

Game seed: 13523168200133701153

38 BritishOli the Skirmisher (level 3, -12/29 HPs)
             Began as a Demonspawn Fighter on July 12, 2020.
             Mangled by an orc warrior
             ... wielding a +0 mace
              (21 damage)
             ... on level 2 of the Dungeon.
             The game lasted 00:00:43 (851 turns).

BritishOli the Skirmisher (Demonspawn Fighter)       Turns: 851, Time: 00:00:44

Health: -12/29     AC:  6    Str: 17    XL:     3   Next: 25%
Magic:  0/3        EV:  7    Int:  9    God:
Gold:   10         SH:  9    Dex: 12    Spells: 2/2 levels left

rFire    . . .     SeeInvis .   a - +0 long sword
rCold    . . .     Faith    .   c - +0 kite shield
rNeg     . . .     Spirit   +   b - +0 scale mail
rPois    .         Reflect  .   (no helmet)
rElec    .         Harm     .   (no cloak)
rCorr    .                      (no gloves)
MR       .....                  (no boots)
Stlth    ..........             (no amulet)
HPRegen  0.09/turn              (no ring)
MPRegen  0.08/turn              (no ring)

@: no status effects
A: magic shield
a: no special abilities


You were on level 2 of the Dungeon.
You visited 1 branch of the dungeon, and saw 2 of its levels.

You collected 10 gold pieces.

Inventory:

Hand Weapons
 a - a +0 long sword (weapon)
Missiles
 j - a boomerang of dispersal (quivered)
Armour
 b - a +0 scale mail (worn)
 c - a +0 kite shield (worn)
Scrolls
 f - a scroll of remove curse {unknown}
 i - a scroll of teleportation {unknown}
Potions
 d - a potion of might
 e - 3 potions of stabbing {unknown}
 g - a potion of lignification {unknown}
 h - 3 potions of curing {unknown}


   Skills:
 + Level 3.3 Fighting
 + Level 2.2 Long Blades
 + Level 3.0 Armour
 + Level 3.1 Shields


You had 2 spell levels left.
You didn't know any spells.
Your spell library was empty.

Dungeon Overview and Level Annotations

Branches:
Dungeon (2/15)

Altars:


Innate Abilities, Weirdness & Mutations

When hurt, damage is shared between your health and your magic reserves.


Message History

The boomerang of dispersal closely misses the orc warrior.
The boomerang of dispersal completely misses the orc.
You block the orc warrior's attack.
Throwing (i - inventory)
j - 3 boomerangs of dispersal (quivered)
Press: ? - help, Shift-Dir - straight line, f/p - orc warrior
Aim: an orc warrior, wielding a +0 mace and wearing a +0 plate armour (moderately wounded)
You throw a boomerang of dispersal.
The boomerang of dispersal barely misses the orc warrior.
The boomerang of dispersal hits the orc.
The orc blinks!
The orc warrior completely misses you.
You riposte.
You hit the orc warrior but do no damage.
The orc warrior is moderately wounded.
Throwing (i - inventory)
j - 2 boomerangs of dispersal (quivered)
Press: ? - help, Shift-Dir - straight line, f/p - orc warrior
Aim: an orc warrior, wielding a +0 mace and wearing a +0 plate armour (moderately wounded)
You throw a boomerang of dispersal.
The boomerang of dispersal closely misses the orc warrior.
The orc warrior hits you with a +0 mace!!
Ouch! That really hurt!
You die...

#..
#).
...
#.#
#.#
#.#
####.#
#o#
.....#
#@##
######
#..#
##.#
#.#
#.#
#.#
#.#
#.#
###
#.#


You could see an orc warrior.

Vanquished Creatures
  A dart slug (D:1)
  2 leopard geckos
  An orc (D:2)
  7 bats (D:1)
  2 giant cockroaches (D:1)
  2 goblins (D:1)
  4 hobgoblins (D:1)
  4 frilled lizards
  4 kobolds (D:1)
  5 rats
32 creatures vanquished.

Notes
Turn   | Place    | Note
-------+----------+-------------------------------------------
     0 | D:1      | BritishOli the Demonspawn Fighter began the quest for the
                  | Orb.
     0 | D:1      | Reached XP level 1. HP: 18/18 MP: 1/1
   126 | D:1      | Gained mutation: When hurt, damage is shared between your
                  | health and your magic reserves. [demonic ancestry]
   126 | D:1      | Reached XP level 2. HP: 24/24 MP: 2/2
   487 | D:1      | Reached XP level 3. HP: 26/29 MP: 1/3
   839 | D:2      | Noticed an orc warrior
   851 | D:2      | Mangled by an orc warrior

Illustrated notes

Levels and vault maps discovered:
D:1:      tarquinn_simple_flora_water_e, layout_basic
D:2:      layout_loops_ring, grunt_temple_overflow_open,
          roderic_nine_men_s_morris, kennysheep_potato

Skill      XL: |  1  2 |
---------------+-------+-----
Long Blades    | 2 |  2.2
Shields        | 3 |  3.1
Armour         | 3 |  3.0
Fighting       | |  3.3

Action                   || total
-------------------------++-------
Melee: Long sword        ||    97
Throw: Boomerang         ||     5
Armor: Scale mail        ||    57
Dodge: Dodged            ||    28
Block: Kite shield       ||    66
       Rpst.: Long sword ||    11

Table legend:
 A = Non-vault XP
 B = Vault XP
 C = Vault XP percentage of total XP
 D = Non-vault monster count
 E = Vault monster count
 F = Vault count percentage of total count
                 A         B        C        D         E       F
            +---------+---------+-------+---------+---------+-------
      Total |      55 |       0 |   0.0 |      32 |       0 |   0.0
            +---------+---------+-------+---------+---------+-------
        D:1 |      46 |       0 |   0.0 |      27 |       0 |   0.0
        D:2 |       9 |       0 |   0.0 |       5 |       0 |   0.0
            +---------+---------+-------+---------+---------+-------
